 Dungeon Crawl Stone Soup version 0.14.0-12-g87ee3b7 (webtiles) character file.

318 Leibowitz the Cutter (level 6, -7/37 HPs)
             Began as a Kobold Gladiator on Apr 15, 2014.
             Was a Follower of Dithmenos.
             Killed by divine providence
             ... invoked by an orc priest
              (16 damage)
             ... on Level 3 of the Dungeon.
             The game lasted 00:11:55 (2689 turns).

Leibowitz the Cutter (Kobold Gladiator)             Turns: 2689, Time: 00:11:55

HP  -7/37        AC  4     Str 15      XL: 6   Next: 14%
MP   6/6         EV 15     Int  6      God: Dithmenos [*.....]
Gold 106         SH  0     Dex 17      Spells:  0 memorised,  5 levels left

rFire  . . .     SeeInvis .     a - +0 cutlass
rCold  . . .     Clarity  .     k - +0 leather armour
rNeg   . . .     Conserve .     (no shield)
rPois  .         rCorr    .     c - +0 helmet
rElec  .         rRot     .     (no cloak)
SustAb . .       Spirit   .     (no gloves)
rMut   .         Warding  .     (no boots)
Saprov + + .     Stasis   .     (no amulet)
MR     .....                    (no ring)
                                (no ring)

@: about to teleport, wreathed by umbra, not resistant to hostile enchantments,
stealthy
A: disease resistance, carnivore 3, saprovore 2
a: Renounce Religion


You were on level 3 of the Dungeon.
You worshipped Dithmenos.
Dithmenos was aware of your devotion.
You were completely stuffed.

You visited 1 branch of the dungeon, and saw 3 of its levels.

You collected 106 gold pieces.

Inventory:

Hand weapons
 a - a +0,+0 cutlass (weapon)
 b - a +0 blowgun
Missiles
 d - 2 throwing nets (quivered)
 r - 15 stones
 t - 10 poisoned needles
Armour
 c - a +0 helmet (worn)
 k - a +0 leather armour (worn)
Comestibles
 f - 3 meat rations
 g - a cheese
 x - a chunk of bat flesh
Scrolls
 h - a scroll of identify {unknown}
 j - 4 scrolls of teleportation
 l - 2 scrolls of enchant armour {unknown}
 m - 2 scrolls of enchant weapon II {unknown}
 p - a scroll of noise {unknown}
 s - a scroll of amnesia {unknown}
 u - a scroll of remove curse
 v - a scroll of random uselessness {unknown}
Potions
 e - a potion of poison {unknown}
 i - a potion of heal wounds {unknown}
 n - 4 potions of curing {unknown}
 o - a potion of flight {unknown}
 q - a potion of cure mutation {unknown}


   Skills:
 * Level 3.5 Fighting
 + Level 5.3 Short Blades
 - Level 2.6 Throwing
 + Level 1.5 Armour
 + Level 4.5 Dodging
 * Level 3.4 Stealth


You had 5 spell levels left.
You didn't know any spells.

Dungeon Overview and Level Annotations

Branches:
Dungeon (3/15)

Altars:
Dithmenos
Elyvilon


Innate Abilities, Weirdness & Mutations

You recuperate from illness quickly.
You are small and have problems with some larger weapons.
You are carnivorous and can eat meat at any time.
You can eat rotten meat.


Message History

The orc priest unwields an uncursed club.
The orc priest drops an uncursed club.
You hear a splash.
The orc priest picks up a hand axe.
The orc priest wields a hand axe.
The rat twitches its whiskers.
The quokka bites you.
You aren't carrying any items that can be evoked.
Read which item? (? for menu, Esc to quit)
As you read the scroll labeled CRED EMAXEDAMORY, it crumbles to dust.
You feel strangely unstable.
It was a scroll of teleportation.
The orc warrior hits you but does no damage.
The quokka completely misses you.
You barely miss the quokka.
The quokka is moderately wounded.
The quokka bites you.
The orc warrior hits you from afar with a halberd!
* * * LOW HITPOINT WARNING * * *
The orc priest invokes the aid of Beogh against you.
Something smites you!
You die...

....# #.≈≈.≈≈≈o.≈.
....#...
#P≈≈.≈≈≈≈≈...
....>...
#..≈)≈≈≈≈≈≈..
.......#
#....#ooo♣..P#.#
....##.# ###
##r###### ........
#o# ..#.##.# #.#
..#.##.# #r#
..#.##.## #@#
.%#...<.# #.#
........# #(#
..#...>.# ###.#
........### #...#
#.#.....#.####.###
#.#######......#
............####
###..#####..#


You could see an orc warrior, an orc priest, 2 orcs, a quokka and a rat.

Vanquished Creatures
  A scorpion (D:3)
  An orc priest (D:3)
  Jessica (D:3)
  5 adders
  A giant gecko (D:1)
  An ooze (D:2)
  3 orcs (D:3)
  10 bats
  3 giant cockroaches
  7 hobgoblins
  3 jackals (D:2)
  10 kobolds
  7 giant newts
  8 goblins
  6 quokkas
  7 rats
74 creatures vanquished.

Notes
Turn   | Place    | Note
--------------------------------------------------------------
     0 | D:1      | Leibowitz, the Kobold Gladiator, began the quest for the Orb.
     0 | D:1      | Reached XP level 1. HP: 12/12 MP: 1/1
   197 | D:1      | Reached XP level 2. HP: 16/18 MP: 2/2
   380 | D:1      | Reached skill level 1 in Stealth
   543 | D:1      | Reached XP level 3. HP: 18/22 MP: 3/3
  1195 | D:2      | Reached XP level 4. HP: 17/27 MP: 4/4
  1289 | D:2      | Found a shadowy altar of Dithmenos.
  1313 | D:2      | Became a worshipper of Dithmenos the Shadowed
  2084 | D:3      | Reached XP level 5. HP: 32/32 MP: 5/5
  2209 | D:3      | Reached skill level 1 in Armour
  2302 | D:3      | Found a white marble altar of Elyvilon.
  2335 | D:3      | Noticed Jessica
  2350 | D:3      | Killed Jessica
  2350 | D:3      | Reached skill level 5 in Short Blades
  2672 | D:3      | Noticed an orc warrior
  2680 | D:3      | Reached XP level 6. HP: 23/37 MP: 6/6
  2689 | D:3      | Killed from afar by an orc priest

Action                   |  1- 3 |  4- 6 || total
-------------------------+-------+-------++-------
Melee: Cutlass           |   111 |   151 ||   262
       Dagger            |       |    15 ||    15
Throw: Throwing net      |       |     1 ||     1
  Use: Scroll            |       |     2 ||     2
 Stab: Sleeping          |     6 |     5 ||    11
       Held in net/web   |       |     1 ||     1
